 Dungeon Crawl Stone Soup version 0.31.0-9-g3a7656b989 (webtiles) character file.

Game seed: 14163796110666337978

74 qw the Shooter (level 4, 0/25 HPs)
             Began as a Deep Elf Hunter on Feb 2, 2024.
             Blown up by Ijyb (15 damage)
             ... with a mindburst bolt
             ... on level 3 of the Dungeon.
             The game lasted 00:00:05 (1858 turns).

qw the Shooter (Deep Elf Hunter)                    Turns: 1858, Time: 00:00:06

Health: 0/25       AC:  7    Str: 16    XL:     4   Next: 10%
Magic:  6/6        EV: 11    Int: 14    God:
Gold:   89         SH:  0    Dex: 18    Spells: 3/3 levels left

rFire   . . .        a - +0 shortbow
rCold   . . .        (shield currently unavailable)
rNeg    . . .        g - +0 ring mail
rPois   .            (no helmet)
rElec   .            (no cloak)
rCorr   .            j - +1 pair of gloves
SInv    .            (no boots)
Will    .....        (no amulet)
Stlth   +            i - +6 ring of strength
HPRegen 0.24/turn    (no ring)
MPRegen 0.10/turn

%: no passive effects
@: no status effects
A: no striking features
a: no special abilities


You were on level 3 of the Dungeon.
You visited 1 branch of the dungeon, and saw 3 of its levels.

You collected 89 gold pieces.


   Skills:
 - Level 1.5 Fighting
 + Level 7.5 Ranged Weapons
 - Level 2.4 Dodging
 - Level 1.2 Stealth


You had 3 spell levels left.
You didn't know any spells.
Your spell library was empty.

Inventory:

Hand Weapons
 a - a +0 shortbow (weapon)
Armour
 g - a +0 ring mail (worn)
 j - a +1 pair of gloves (worn)
Jewellery
 c - an amulet of guardian spirit
 i - a +6 ring of strength (left hand)
Potions
 b - a potion of heal wounds {unknown}
 d - 3 potions of curing
 f - a potion of attraction {unknown}
 h - a potion of invisibility {unknown}
 k - a potion of lignification {unknown}

Dungeon Overview and Level Annotations

Branches:
Dungeon (3/15)

Altars:

Shops:
D:2 (

Annotations:
D:3 Ijyb


Message History

A goblin comes into view. It is wielding a +0 club.
You shoot an arrow. The arrow hits the goblin.
You kill the goblin!
A goblin comes into view. It is wielding a +0 club.
A goblin comes into view. It is wielding a +0 sling.
You shoot an arrow. The arrow barely misses the goblin.
The arrow closely misses the goblin.
Ijyb the Twisted Goblin comes into view.
She is wielding a +0 club, wearing a +3 leather armour of cold resistance and carrying a wand of mindburst.
The goblin shoots a sling bullet.
The sling bullet barely misses you.
You shoot an arrow.
Ijyb shouts!
The arrow hits the goblin.
The goblin is heavily wounded.
You shoot an arrow. The arrow hits the goblin!
You kill the goblin!
The goblin shoots a sling bullet.
The sling bullet barely misses you.
You shoot an arrow. The arrow hits the goblin!
You kill the goblin!
You shoot an arrow. The arrow barely misses the goblin.
You shoot an arrow. The arrow barely misses Ijyb.
The goblin shoots a sling bullet.
The sling bullet barely misses you.
You shoot an arrow. The arrow closely misses Ijyb.
You shoot an arrow. The arrow hits Ijyb but does no damage.
Ijyb hits you with a +0 club. The goblin hits you but does no damage.
You shoot an arrow. The arrow closely misses Ijyb.
Ijyb hits you but does no damage.
You shoot an arrow. The arrow barely misses Ijyb.
The goblin hits you with a +0 club.
You shoot an arrow. The arrow hits Ijyb but does no damage.
The goblin shoots a sling bullet.
The sling bullet hits you.
Ijyb zaps a wand.
Your mind is blasted!
The goblin closely misses you.
You shoot an arrow. The arrow hits Ijyb.
Ijyb is lightly wounded.
The goblin shoots a sling bullet.
The sling bullet hits you but does no damage.
Ijyb hits you but does no damage. The goblin barely misses you.
You shoot an arrow. The arrow barely misses Ijyb.
Ijyb zaps a wand.
Your mind is blasted!
Ouch! That really hurt!
You die...

.......#####..............#
......<....)..............#
.......#####..............#
####.......#........#######
#.....)....#........#
...........###......#
..........## #......#
..........# ##.#####
..###.....# #g@#
..###.....# #.gg.....#
#......... #........#
#......... ##8).)..8#
...)...... #.......#
##....##. #8.....8#
......##.. #.).)...#
##........ #8.....8#
<......##.


You could see Ijyb and 2 goblins.

Vanquished Creatures
  3 adders
  A ribbon worm (D:2)
  A dart slug (D:2)
  An orc (D:3)
  4 endoplasms
  3 giant cockroaches (D:1)
  7 goblins
  4 hobgoblins
  A kobold (D:3)
  2 quokkas (D:1)
  3 ball pythons (D:1)
  2 bats (D:1)
  3 frilled lizards
  5 rats
40 creatures vanquished.

Notes
Turn   | Place    | Note
-------+----------+-------------------------------------------
     0 | D:1      | qw the Deep Elf Hunter began the quest for the Orb.
     0 | D:1      | Reached XP level 1. HP: 12/12 MP: 3/3
     0 | D:1      | 0 ||| qw: Version: 0.3-a-155-g5e7d8dd
     0 | D:1      | 0 ||| qw: Game counter: 2353
     0 | D:1      | 0 ||| qw: Melee chars always use a shield: true
     0 | D:1      | 0 ||| qw: God list: Okawaru
     0 | D:1      | 0 ||| qw: Allow faded altars: false
     0 | D:1      | 0 ||| qw: Do Orc after clearing Dungeon:15 true
     0 | D:1      | 0 ||| qw: Do second Lair branch before Depths: true
     0 | D:1      | 0 ||| qw: Lair rune preference: random
     0 | D:1      | 0 ||| qw: Goals: Normal
     0 | D:1      | 0 ||| PLANNING D:1-11
   195 | D:1      | Reached XP level 2. HP: 16/16 MP: 4/4
   197 | D:1      | Reached skill level 6 in Ranged Weapons
   645 | D:1      | 645 ||| UPGRADING to +0 ring mail.
   655 | D:1      | 655 ||| DROPPING +0 leather armour.
   656 | D:1      | 656 ||| UPGRADING to +0 pair of gloves.
   661 | D:1      | 661 ||| READING 2 scrolls labelled MAUK HEXEDGH.
   691 | D:1      | 691 ||| READING scroll labelled ADEMIACWYOGE.
   695 | D:1      | 695 ||| READING scroll labelled RAAROX NAUXOIPN.
   695 | D:1      | 695 ||| ENCHANTING +0 pair of gloves.
   696 | D:1      | 696 ||| DROPPING scroll of butterflies.
   697 | D:1      | 697 ||| DROPPING scroll of torment.
   740 | D:2      | Reached XP level 3. HP: 11/20 MP: 5/5
   881 | D:2      | Reached skill level 7 in Ranged Weapons
  1002 | D:2      | 1002 ||| UPGRADING to +6 ring of strength.
  1003 | D:2      | 1003 ||| READING scroll labelled OXKO FAHUSCH.
  1004 | D:2      | 1004 ||| READING scroll labelled VIJYTI XIYNO.
  1004 | D:2      | 1004 ||| IDENTIFYING white potion
  1005 | D:2      | 1005 ||| DROPPING potion of magic.
  1432 | D:2      | Found Atuig's Weapon Emporium.
  1712 | D:2      | 1712 ||| DRINKING 3 murky grey potions.
  1776 | D:3      | Reached XP level 4. HP: 25/25 MP: 6/6
  1846 | D:3      | Noticed Ijyb
  1858 | D:3      | Blown up by Ijyb

Levels and vault maps discovered:
D:1:      dpeg_arrival_tiny_g, layout_rooms, serial_bayou_ford_a,
          hangedman_decor_slide_cut
D:2:      layout_basic, serial_shops, nicolae_shop_real_fake_doors,
          serial_co_window_serial, co_window_of_opportunity_a,
          co_window_of_opportunity_a, co_window_paths_b, co_window_paths_b,
          co_window_paths_a, co_window_corner_a, co_window_paths_b,
          co_window_corner_b, co_window_corner_cb, co_window_2corner,
          co_window_2corner, co_window_paths_c, glass_columns_b,
          glass_columns_a, glass_columns_c, glass_columns_a, minivault_14
D:3:      kennysheep_the_goblin_king, layout_basic, uniq_jessica

Skill      XL: |  1  2  3 |
---------------+----------+-----
Ranged Weapons | 6 7 |  7.5
Fighting       | |  1.5
Dodging        | |  2.4
Stealth        | |  1.2

Action                     |  1- 3 |  4- 6 || total
---------------------------+-------+-------++-------
   Fire: Shortbow          |   112 |    22 ||   134
    Use: Scroll            |     5 |       ||     5
         Potion            |     1 |       ||     1
 Armour: Leather armour    |    11 |       ||    11
         Ring mail         |     6 |     8 ||    14
  Dodge: Dodged            |    21 |     6 ||    27

Table legend:
 A = Non-vault XP
 B = Vault XP
 C = Vault XP percentage of total XP
 D = Non-vault monster count
 E = Vault monster count
 F = Vault count percentage of total count
                 A         B        C        D         E       F
            +---------+---------+-------+---------+---------+-------
      Total |     100 |       7 |   6.5 |      36 |       4 |  10.0
            +---------+---------+-------+---------+---------+-------
        D:1 |      35 |       0 |   0.0 |      22 |       0 |   0.0
        D:2 |      42 |       0 |   0.0 |       8 |       0 |   0.0
        D:3 |      23 |       7 |  23.3 |       6 |       4 |  40.0
            +---------+---------+-------+---------+---------+-------
